 Dungeon Crawl Stone Soup version 0.22.0-38-g04b72b8 (webtiles) character file.

9966 inmateoo the Spear-Bearer (level 11, -2/83 HPs)
             Began as a Merfolk Ice Elementalist on Aug 26, 2018.
             Was a Priest of Vehumet.
             Splashed by a brown ugly thing's acid (9 damage)
             ... on level 11 of the Dungeon.
             The game lasted 00:16:39 (13062 turns).

inmateoo the Spear-Bearer (MfIE)                   Turns: 13062, Time: 00:16:40

Health: -2/83      AC: -7    Str: 10    XL:     11   Next: 54%
Magic:  24/29      EV: 17    Int: 17    God:    Vehumet [***...]
Gold:   541        SH:  0    Dex: 14    Spells: 7/23 levels left

rFire    . . .     SeeInvis .   s - +5 scythe (protect)
rCold    . . .     Gourm    .   (shield currently unavailable)
rNeg     + . .     Faith    .   h - +3 leather armour {rN+}
rPois    +         Spirit   .   p - +2 helmet
rElec    .         Reflect  .   (no cloak)
rCorr    .         Harm     .   (no gloves)
MR       .....                  (no boots)
Stlth    ++........             o - amulet of rage
HPRegen  0.23/turn              y - ring of magical power
MPRegen  0.21/turn              G - ring of poison resistance

@: corroded, drained
A: change form in water, swift swim, stealthy swim
a: Renounce Religion, Evoke Berserk Rage


You were on level 11 of the Dungeon.
You worshipped Vehumet.
Vehumet was most pleased with you.
You were not hungry.

You visited 1 branch of the dungeon, and saw 11 of its levels.

You collected 541 gold pieces.

Inventory:

Hand Weapons
 n - a +0 trident
 s - a +5 scythe of protection (weapon)
Armour
 h - a +3 leather armour of positive energy (worn)
 p - a +2 helmet (worn)
Jewellery
 o - an amulet of rage (around neck)
 y - a ring of magical power (left hand)
 G - a ring of poison resistance (right hand)
Wands
 a - a wand of flame (56)
 l - a wand of disintegration (4)
 r - a wand of paralysis (1)
 z - a wand of iceblast (24)
 A - a wand of polymorph (18)
 B - a wand of random effects (16)
 C - a wand of acid (6)
Scrolls
 b - a scroll of blinking
 d - 7 scrolls of remove curse
 g - 8 scrolls of teleportation
 q - 3 scrolls of magic mapping
 u - a scroll of enchant armour
 w - a scroll of silence
 x - a scroll of identify
 E - 2 scrolls of amnesia
Potions
 e - a potion of agility
 f - 2 potions of magic
 i - 5 potions of heal wounds
 k - 5 potions of curing
 m - 4 potions of mutation
 t - a potion of invisibility
 v - 5 potions of might
 D - a potion of lignification
 F - 2 potions of berserk rage
Comestibles
 c - 13 rations


   Skills:
 + Level 6.9(6.8) Fighting
 * Level 11.1(10.9) Polearms
 + Level 8.9(8.8) Dodging
 - Level 2.1(2.0) Stealth
 * Level 6.5(6.3) Spellcasting
 + Level 5.3(5.1) Conjurations
 * Level 10.6(10.4) Ice Magic


You had 7 spell levels left.
You knew the following spells:

 Your Spells              Type           Power        Failure   Level  Hunger
a - Freeze                Ice            ####         1%          1    None
b - Throw Frost           Conj/Ice       ####..       1%          2    None
c - Ozocubu's Armour      Chrm/Ice       ###.....     6%          3    ##.....
d - Throw Icicle          Conj/Ice       ####....     1%          4    ####...
e - Throw Flame           Conj/Fire      ##....       2%          2    None
f - Summon Ice Beast      Ice/Summ       ###.....     21%         4    ####...

Your spell library contained the following spells:

 Spells                   Type           Power        Failure   Level  Hunger
 Inner Flame              Hex/Fire       #.......     13%         3    ##.....
 Magic Dart               Conj           ###.         1%          1    None
 Searing Ray              Conj           ###...       1%          2    None
 Dazzling Spray           Conj/Hex       ##....       4%          3    ##.....
 Iskenderun's Mystic Bla  Conj           ###.....     5%          4    ####...
 Force Lance              Conj/Tloc      ##......     16%         4    ####...
 Fulminant Prism          Conj/Hex       ##........   16%         4    ####...


Dungeon Overview and Level Annotations

Branches:
Dungeon (11/15)            Temple (0/1) D:6            Lair (0/6) D:9
    Orc: D:9-12

Altars:
Cheibriados
Elyvilon
Gozag
Hepliaklqana
Makhleb
Nemelex Xobeh
Qazlal
Ru
Trog
Vehumet
Wu Jian
Yredelemnul
Zin

Shops:
D:6 (   D:9 (

Annotations:
D:6 2 transporters


Message History

You closely miss the brown ugly thing.
The brown ugly thing is moderately wounded.
The brown ugly thing stings you.
You are splashed with acid!
The acid burns!
You are too injured to fight recklessly!
Unknown command.
Okay, then.
Casting: Ozocubu's Armour (safe; 6% risk of failure)
Confirm with . or Enter, or press ? or * to list all spells.
A chill wind blows around you. The brown ugly thing stings you!
* * * LOW HITPOINT WARNING * * *
The acid corrodes you!
You are splashed with acid!
The acid burns!
* * * LOW HITPOINT WARNING * * *
Unknown command.
Unknown command.
You swap places.
Your icy armour cracks and falls away as you move.
The brown ugly thing stings you!
* * * LOW HITPOINT WARNING * * *
You are splashed with acid!
The acid burns!
You die...

### #.. #.#
#.# #u#####
#####Y@...#.
#.............
#.###.###.#.##
#.# #... ..
#.# #.###.###
#.# #.###.#
#.###.#.#.#
#.........###
#
###.#..[....+
+


You could see a brown ugly thing and a friendly ice beast.

Vanquished Creatures
  Erolcha (D:9)
  2 two-headed ogres
  Pikel (D:8)
  A manticore (D:11)
  A cyclops (D:11)
  A meliai zombie (D:11)
  2 hippogriffs (D:9)
  Sigmund (D:4)
  A shadow (D:11)
  3 wyverns
  2 hungry ghosts (D:10)
  4 yaks (D:10)
  Menkaure (D:7)
  A water moccasin (D:7)
  5 orc warriors
  3 sky beasts
  2 black bears
  3 slaves
  An eye of draining (D:8)
  3 ogres
  2 centaurs
  A crocodile (D:7)
  3 big kobolds
  4 bullfrogs
  Blork the orc (D:4)
  A scorpion (D:2)
  11 killer bees
  3 wights (D:11)
  7 howler monkeys
  5 crimson imps
  A bullfrog zombie (D:11)
  4 hounds
  9 orc priests
  3 jellies
  10 orc wizards
  A centaur skeleton (D:9)
  An iron imp (D:9)
  3 bullfrog skeletons
  3 worker ants
  5 iguanas
  A killer bee zombie (D:6)
  2 hound skeletons
  A howler monkey zombie (D:7)
  Robin (D:4)
  3 gnolls (D:6)
  8 adders
  A shadow imp (D:7)
  3 adder skeletons
  2 adder zombies
  2 worms
  5 dart slugs
  3 leopard geckos
  37 orcs
  5 giant cockroaches
  14 goblins
  10 hobgoblins
  18 jackals
  20 kobolds
  A quokka (D:2)
  8 bats
  5 frilled lizards
  A jackal zombie (D:6)
  A leopard gecko skeleton (D:9)
  A quokka zombie (D:7)
  12 rats
282 creatures vanquished.

Notes
Turn   | Place    | Note
-------+----------+-------------------------------------------
     0 | D:1      | inmateoo the Merfolk Ice Elementalist began the quest for the Orb.
     0 | D:1      | Reached XP level 1. HP: 13/13 MP: 3/3
   377 | D:1      | Reached XP level 2. HP: 8/20 MP: 0/5
   390 | D:1      | Learned a level 2 spell: Throw Frost
   828 | D:1      | Reached skill level 1 in Fighting
   932 | D:1      | Reached skill level 1 in Conjurations
  1003 | D:2      | Found a glowing silver altar of Zin.
  1044 | D:2      | Found a stormy altar of Qazlal.
  1046 | D:2      | Reached XP level 3. HP: 26/26 MP: 4/6
  1335 | D:2      | Reached XP level 4. HP: 21/32 MP: 1/7
  1585 | D:2      | Reached skill level 1 in Polearms
  1893 | D:2      | Found a sacrificial altar of Ru.
  1929 | D:2      | Reached XP level 5. HP: 21/38 MP: 0/8
  2129 | D:2      | Reached skill level 2 in Polearms
  2134 | D:2      | Learned a level 3 spell: Ozocubu's Armour
  2727 | D:3      | Reached skill level 3 in Polearms
  2727 | D:3      | Reached XP level 6. HP: 22/44 MP: 5/10
  3118 | D:3      | Reached skill level 5 in Ice Magic
  3224 | D:4      | Found Zusech's Distillery.
  3235 | D:4      | Noticed Robin
  3329 | D:4      | Killed Robin
  3394 | D:4      | Found a hazy altar of Hepliaklqana.
  3490 | D:4      | Noticed Sigmund
  3499 | D:4      | Killed Sigmund
  3499 | D:4      | Reached skill level 4 in Polearms
  3499 | D:4      | Reached XP level 7. HP: 51/51 MP: 5/11
  3525 | D:4      | Noticed Blork the orc
  3530 | D:4      | Killed Blork the orc
  3819 | D:5      | Entered Level 5 of the Dungeon
  3951 | D:5      | Reached skill level 5 in Polearms
  4134 | D:5      | Found a radiant altar of Vehumet.
  4172 | D:5      | Became a worshipper of Vehumet
  4564 | D:6      | Reached XP level 8. HP: 55/58 MP: 10/13
  4609 | D:6      | Reached skill level 5 in Dodging
  4749 | D:6      | Learned a level 4 spell: Throw Icicle
  4756 | D:6      | Reached skill level 6 in Polearms
  4764 | D:6      | Found a staircase to the Ecumenical Temple.
  4857 | D:6      | Reached * piety under Vehumet
  4857 | D:6      | Offered knowledge of Shock by Vehumet.
  5155 | D:6      | Found Dauv's Antique Weapon Emporium.
  5294 | D:6      | Noticed a manticore
  5295 | D:6      | Found a basalt altar of Yredelemnul.
  5296 | D:6      | Noticed a purple ugly thing
  5305 | D:6      | Found a transporter.
  5314 | D:6      | Found a transporter.
  5583 | D:6      | Reached skill level 7 in Polearms
  5854 | D:6      | Reached XP level 9. HP: 57/65 MP: 15/15
  6520 | D:7      | Found a white marble altar of Elyvilon.
  7005 | D:7      | Noticed Menkaure
  7015 | D:7      | Killed Menkaure
  7016 | D:7      | Reached skill level 8 in Polearms
  7293 | D:7      | Found a burning altar of Makhleb.
  7294 | D:7      | Found a bloodstained altar of Trog.
  7477 | D:7      | Offered knowledge of Throw Flame by Vehumet.
  7499 | D:7      | Reached ** piety under Vehumet
  7528 | D:7      | Learned a level 2 spell: Throw Flame
  8365 | D:8      | Reached skill level 5 in Fighting
  8452 | D:8      | Noticed a two-headed ogre
  8464 | D:8      | Killed a two-headed ogre
  8464 | D:8      | Reached skill level 5 in Spellcasting
  8464 | D:8      | Reached XP level 10. HP: 38/74 MP: 17/17
  8648 | D:8      | Found a sparkling altar of Nemelex Xobeh.
  8744 | D:8      | Found an ornate altar of the Wu Jian Council.
  8762 | D:8      | Noticed Pikel
  9604 | D:9      | Found Duitiv's Weapon Shoppe.
  9679 | D:9      | Found a snail-covered altar of Cheibriados.
  9703 | D:9      | Offered knowledge of Static Discharge by Vehumet.
  9734 | D:9      | Noticed a death yak
  9787 | D:8      | Killed Pikel
  9885 | D:9      | Noticed Erolcha
  9906 | D:9      | Killed Erolcha
  9906 | D:9      | Reached skill level 9 in Polearms
 10248 | D:9      | Found an opulent altar of Gozag.
 10376 | D:9      | Reached *** piety under Vehumet
 10614 | D:9      | Noticed a death yak
 10614 | D:9      | Noticed a death yak
 10616 | D:9      | Noticed a death yak
 10617 | D:9      | Noticed a death yak
 10777 | D:9      | Reached skill level 10 in Polearms
 10804 | D:9      | Reached skill level 10 in Ice Magic
 10804 | D:9      | Reached XP level 11. HP: 81/83 MP: 19/19
 10825 | D:9      | Learned a level 4 spell: Summon Ice Beast
 10902 | D:9      | Found a staircase to the Lair.
 10939 | D:10     | Entered Level 10 of the Dungeon
 11089 | D:10     | Reached skill level 5 in Conjurations
 11119 | D:10     | Noticed a two-headed ogre
 11173 | D:10     | Killed a two-headed ogre
 12250 | D:11     | Noticed a manticore
 12263 | D:11     | Killed a manticore
 12265 | D:11     | Offered knowledge of Inner Flame by Vehumet.
 12698 | D:11     | Noticed a cyclops
 12721 | D:11     | Killed a cyclops
 12721 | D:11     | Reached skill level 11 in Polearms
 13051 | D:11     | Noticed a brown ugly thing
 13062 | D:11     | Splashed by a brown ugly thing's acid

Skill      XL: |  1  2  3  4  5  6  7  8  9 10 11 |
---------------+----------------------------------+-----
Dodging        | 3 4 5 7 8 |  8.9
Fighting       | 1 2 3 4 5 6 |  6.9
Conjurations   | 1 2 3 4 5 |  5.3
Ice Magic      | 4 5 6 7 8 10 | 10.6
Polearms       | 1 3 4 5 7 8 10 11 | 11.1
Spellcasting   | 3 4 5 6 |  6.5
Stealth        | |  2.1

Action                   |  1- 3 |  4- 6 |  7- 9 | 10-12 || total
-------------------------+-------+-------+-------+-------++-------
Melee: Unarmed           |    15 |       |       |       ||    15
       Spear             |    15 |    78 |       |       ||    93
       Trident           |       |    30 |    15 |       ||    45
       Scythe            |       |       |   285 |   304 ||   589
 Cast: Freeze            |    54 |    98 |    86 |    37 ||   275
       Throw Frost       |       |     3 |     8 |     6 ||    17
       Ozocubu's Armour  |       |       |     4 |    17 ||    21
       Throw Icicle      |       |       |     3 |    23 ||    26
       Summon Ice Beast  |       |       |       |     2 ||     2
 Abil: Evoke Berserk Rag |       |       |     2 |       ||     2
Evoke: Wand              |       |       |     1 |    25 ||    26
  Use: Scroll            |     3 |     7 |     7 |    10 ||    27
       Potion            |       |       |     1 |       ||     1
 Stab: Sleeping          |     2 |     3 |     8 |     1 ||    14
       Distracted        |       |       |     1 |     1 ||     2
       Paralysed         |       |       |     7 |    11 ||    18
  Eat: Chunk             |     2 |     4 |    17 |    12 ||    35
       Ration            |       |     1 |     1 |     6 ||     8
Armor: Robe              |    14 |    21 |       |       ||    35
       Leather armour    |       |    17 |   195 |   210 ||   422
Dodge: Dodged            |    50 |   111 |   374 |   359 ||   894
